 Dungeon Crawl Stone Soup version 0.21-a0-39-g28ea6b7 (webtiles) character file.

9865 HereIgoKillingAgain the Thrower (level 11, -1/77 HPs)
             Began as a Gnoll Fighter on May 30, 2017.
             Was a Believer of Hepliaklqana.
             Slain by a vampire (9 damage)
             ... on level 10 of the Dungeon.
             The game lasted 00:16:37 (11393 turns).

HereIgoKillingAgain the Thrower (Gnoll Fighter)    Turns: 11393, Time: 00:16:37

Health: -1/77      AC:  9    Str: 18    XL:     11   Next: 53%
Magic:  25/25      EV: 14    Int: 13    God:    Hepliaklqana [**....]
Gold:   268        SH: 17    Dex: 13    Spells: 8/10 levels left

rFire    + . .     SeeInvis .   d - +3 rapier "Etonwohu" {venom, Int+3}
rCold    . . .     Gourm    .   c - +0 shield
rNeg     . . .     Faith    .   J - +1 ring mail {rF+}
rPois    .         Spirit   .   (no helmet)
rElec    .         Reflect  +   (no cloak)
rCorr    .         Harm     .   E - +0 pair of gloves
MR       +....                  (no boots)
Stlth    +.........             h - +6 amulet of reflection
Regen    0.3/turn               F - ring of magical power (curse)
MPRegen  0.2/turn               v - ring of protection from magic

@: no status effects
A: short attention span, reduced essence, fangs 1, strong nose
a: Recall Ancestor, Ancestor Identity, Renounce Religion


You were on level 10 of the Dungeon.
You worshipped Hepliaklqana.
Hepliaklqana was pleased with you.
You were hungry.

You visited 2 branches of the dungeon, and saw 11 of its levels.

You collected 474 gold pieces.
You spent 206 gold pieces at shops.

Inventory:

Hand Weapons
 a - a +0 long sword
 d - the +3 rapier "Etonwohu" (weapon) {venom, Int+3}
   (You found it on level 9 of the Dungeon)

   It poisons the flesh of those it strikes.
   It affects your intelligence (+3).
 N - the +8 mace of Toco {speed, +Blink rC+ Str+2, unknown}
   (You found it on level 9 of the Dungeon)

   Attacks with this weapon are significantly faster.
   It affects your strength (+2).
   It protects you from cold.
   It lets you blink.
Missiles
 n - a javelin (quivered)
Armour
 c - a +0 shield (worn)
 E - a +0 pair of gloves (worn)
 J - a +1 ring mail of fire resistance (worn)
Jewellery
 b - an uncursed ring of flight
 h - a +6 amulet of reflection (around neck)
 v - a ring of protection from magic (right hand)
 F - a cursed ring of magical power (left hand)
Wands
 z - a wand of lightning (0/15)
 A - a wand of lightning (0/15)
 G - a wand of flame (15/48)
 K - a wand of disintegration (11/24)
 L - a wand of confusion (20/48)
 O - a wand of scattershot (5/9)
 Q - a wand of digging (11/24)
Scrolls
 i - 3 scrolls of teleportation
 k - a scroll of enchant armour
 l - 2 scrolls of remove curse
 o - a scroll of amnesia
 q - a scroll of magic mapping
 r - a scroll of fog {unknown}
 s - 5 scrolls of recharging
 t - 2 scrolls of blinking {unknown}
 w - 2 scrolls of random uselessness
 y - a scroll of enchant weapon {unknown}
 H - 4 scrolls of identify
 P - a scroll of immolation {unknown}
Potions
 e - 2 potions of flight
 j - 5 potions of cancellation
 p - 3 potions of curing
 x - 3 potions of heal wounds
 B - 2 potions of mutation {unknown}
 C - 2 potions of resistance
 D - a potion of lignification
 M - 2 potions of magic {unknown}
Books
 I - a book of Air

   Spells                             Type                      Level
   a - Shock                          Conjuration/Air              1
   b - Swiftness                      Charms/Air                   2
   c - Static Discharge               Conjuration/Air              3
   d - Airstrike                      Air                          4
   e - Lightning Bolt                 Conjuration/Air              5
Comestibles
 f - 5 bread rations
 g - 10 fruits
 m - 9 meat rations
 u - 5 royal jellies


   Skills:
 + Level 8.2 Fighting
 * Level 5.8(7.7) Short Blades
 + Level 8.4(8.7) Long Blades
 * Level 9.4 Throwing
 + Level 8.6 Armour
 * Level 8.8 Dodging
 + Level 8.2 Shields
 + Level 7.4 Invocations
 + Level 6.8 Evocations


You had 8 spell levels left.
You knew the following spells:

 Your Spells              Type           Power        Failure   Level  Hunger
a - Swiftness             Chrm/Air       #.......     87%         2    ###....


Dungeon Overview and Level Annotations

Branches:
Dungeon (10/15)            Temple (1/1) D:7            Lair (0/6) D:10
    Orc (0/2) D:9

Altars:
Ashenzari
Dithmenos
Fedhas
Gozag
Hepliaklqana
Qazlal
Ru
Sif Muna
Uskayaw
Vehumet
Wu Jian

Shops:
D:4 !   D:5 (   D:9 ?   D:10 *


Innate Abilities, Weirdness & Mutations

You have a short attention span.
You have very sharp teeth.
Your uncanny sense of smell can sniff out nearby items.
Your life essence is reduced. (-10% HP)


Message History

Something bites you but does no damage.
Belessunu points at something and mumbles some strange words.
You hit something.
Unholy energy fills the air.
Belessunu closely misses something.
You hit something but do no damage. Your bite misses something.
Something hits you. You block something's attack.
Belessunu barely misses something.
You hit something but do no damage. You block something's attack. x2
Belessunu hits something with a dagger of draining.
You puncture something!
Unholy energy fills the air.
* * * LOW HITPOINT WARNING * * *
Belessunu misses something.
You hit something.
Unholy energy fills the air.
* * * LOW HITPOINT WARNING * * *
You closely miss something.
Belessunu hits something but does no damage.
You hear some strange, mumbled words.
Belessunu appears confused.
You barely miss something. Something hits you!
You die...

#......##≈≈≈ #####..# ### ####.
##... ##### #..# ######+##
###.... ####.#### #.......#
#.'.... ##.......#### #...>...#
##.#R...
............####.(.....###..#..(.
##.......##....#@......'...##....
#.......#####.R{......######....
##.###### ###....<..# #.... #.#
#.......# ####' #.#######
###'##### #. #.......# #.# #.
#######.########.######### ##
#.>.....................# #
#.....#################.######


You could see the friendly Belessunu the hexer (confused).

Vanquished Creatures
  Erolcha (D:9)
  3 two-headed ogres
  A gargoyle (D:10)
  2 trolls (D:9)
  A meliai zombie (D:10)
  A shadow (D:9)
  2 hungry ghosts
  The ghost of HereIgoKillingAgain the Magician, an amateur GnWn (D:3)
  Duvessa (D:5)
  An ice beast (D:4)
  A sky beast (D:5)
  A black bear (D:6)
  7 orc warriors
  9 ogres
  4 centaurs
  2 bullfrogs
  4 big kobolds
  Dowan (D:5)
  2 scorpions
  2 killer bees (D:8)
  4 wights
  A howler monkey (D:4)
  2 crimson imps
  2 centaur zombies (D:6)
  A quasit (D:8)
  4 hounds
  2 jellies
  8 orc priests
  6 orc wizards
  A centaur skeleton (D:6)
  2 iguanas
  Ijyb (D:3)
  6 worker ants
  Natasha (D:2)
  11 adders
  7 gnolls
  A howler monkey skeleton (D:4)
  An adder zombie (D:5)
  An adder skeleton (D:7)
  3 worms
  3 dart slugs
  3 leopard geckos
  47 orcs
  7 bats
  9 giant cockroaches
  6 goblins
  8 hobgoblins
  10 jackals
  3 quokkas
  6 frilled lizards
  17 kobolds
  A leopard gecko zombie (D:8)
  7 rats
239 creatures vanquished.

Vanquished Creatures (collateral kills)
  Joseph (D:9)
  A water moccasin (D:8)
  An orc warrior (D:9)
  An ice beast (D:9)
  3 ogres
  A bullfrog (D:7)
  3 wights
  A killer bee (D:8)
  A crimson imp (D:6)
  3 orc wizards
  2 orc priests (D:7)
  A bullfrog skeleton (D:8)
  An iguana (D:7)
  4 worker ants
  A hound skeleton (D:8)
  A worker ant zombie (D:9)
  A gnoll (D:5)
  An adder (D:6)
  A shadow imp (D:5)
  An adder skeleton (D:4)
  A leopard gecko (D:3)
  7 orcs
  2 jackals
  4 kobolds (D:10)
  A quokka (D:4)
  A frilled lizard (D:4)
46 creatures vanquished.

Vanquished Creatures (others)
  A hexer (D:7)
  An ancestor (D:3)
  2 goblins
4 creatures vanquished.

Grand Total: 289 creatures vanquished

Notes
Turn   | Place    | Note
-------+----------+-------------------------------------------
     0 | D:1      | HereIgoKillingAgain the Gnoll Fighter began the quest for the Orb.
     0 | D:1      | Reached XP level 1. HP: 20/20 MP: 1/1
   171 | D:1      | Reached skill level 5 in Fighting
   181 | D:1      | Reached skill level 5 in Armour
   187 | D:1      | Reached XP level 2. HP: 19/27 MP: 2/2
   320 | D:1      | Reached skill level 5 in Shields
   760 | D:1      | Reached XP level 3. HP: 33/33 MP: 3/3
  1340 | D:2      | Noticed Natasha
  1358 | D:2      | Killed Natasha
  1358 | D:2      | Reached skill level 1 in Throwing
  1358 | D:2      | Reached XP level 4. HP: 12/39 MP: 4/4
  1616 | D:2      | Reached skill level 2 in Throwing
  1686 | D:2      | Reached skill level 5 in Long Blades
  1822 | D:2      | Found a hazy altar of Hepliaklqana.
  1898 | D:2      | Became a worshipper of Hepliaklqana the Forgotten
  2027 | D:3      | Reached XP level 5. HP: 39/41 MP: 5/5
  2187 | D:3      | Reached skill level 3 in Throwing
  2498 | D:3      | Noticed HereIgoKillingAgain's ghost (amateur GnWn)
  2505 | D:3      | Killed HereIgoKillingAgain's ghost
  2505 | D:3      | Reached skill level 4 in Throwing
  2505 | D:3      | Reached XP level 6. HP: 41/46 MP: 6/6
  2601 | D:3      | Noticed Ijyb
  2624 | D:3      | Killed Ijyb
  2650 | D:3      | Found a deep blue altar of Sif Muna.
  3090 | D:4      | Reached * piety under Hepliaklqana
  3118 | D:4      | Reached skill level 5 in Throwing
  3233 | D:4      | Reached XP level 7. HP: 24/52 MP: 7/7
  3425 | D:4      | Reached skill level 1 in Dodging
  3425 | D:4      | Reached skill level 1 in Invocations
  3437 | D:4      | Found Cuhitz's Distillery.
  3440 | D:4      | Bought 2 potions of heal wounds for 130 gold pieces
  3496 | D:4      | Found a sacrificial altar of Ru.
  3624 | D:4      | Reached skill level 1 in Evocations
  3681 | D:4      | Found an ornate altar of the Wu Jian Council.
  3682 | D:4      | Found a stormy altar of Qazlal.
  3826 | D:4      | Reached skill level 6 in Throwing
  3987 | D:5      | Entered Level 5 of the Dungeon
  4156 | D:5      | Found Xaruewn's Antique Weapon Shop.
  4312 | D:5      | Reached XP level 8. HP: 43/58 MP: 9/9
  4380 | D:5      | Noticed Duvessa
  4383 | D:5      | Noticed Dowan
  4410 | D:5      | Killed Duvessa
  4593 | D:5      | Found an opulent altar of Gozag.
  4834 | D:5      | Killed Dowan
  4834 | D:5      | Reached skill level 7 in Throwing
  5217 | D:5      | Reached skill level 5 in Dodging
  5704 | D:6      | Found a radiant altar of Vehumet.
  5825 | D:6      | Reached XP level 9. HP: 47/64 MP: 12/12
  6883 | D:7      | Found a staircase to the Ecumenical Temple.
  6893 | D:7      | Reached skill level 8 in Throwing
  6930 | D:7      | Found a shadowy altar of Dithmenos.
  6971 | Temple   | Entered the Ecumenical Temple
  7063 | D:7      | Reached ** piety under Hepliaklqana
  7064 | D:7      | Remembered your ancestor Belessunu as a hexer
  7156 | D:7      | Reached skill level 5 in Invocations
  7171 | D:7      | HP: 3/64 [orc priest/divine providence (14)]
  7387 | D:7      | Found a shattered altar of Ashenzari.
  7910 | D:8      | Noticed a two-headed ogre
  7925 | D:8      | Killed a two-headed ogre
  7925 | D:8      | Reached skill level 5 in Evocations
  7925 | D:8      | Reached XP level 10. HP: 18/71 MP: 14/14
  8747 | D:8      | Found a hide-covered altar of Uskayaw.
  8935 | D:8      | Learned a level 2 spell: Swiftness
  9564 | D:9      | Noticed Erolcha
  9573 | D:9      | Killed Erolcha
  9580 | D:9      | Got a fine rapier
  9581 | D:9      | Identified the +3 rapier "Etonwohu" {venom, Int+3} (You found it on level 9 of the Dungeon)
  9712 | D:9      | Reached skill level 9 in Throwing
  9750 | D:9      | Reached skill level 1 in Short Blades
  9899 | D:9      | Found Zaigeog's Magic Scroll Boutique.
  9910 | D:9      | Bought a scroll of random uselessness for 17 gold pieces
  9910 | D:9      | Bought a scroll of amnesia for 59 gold pieces
  9971 | D:9      | Found a staircase to the Orcish Mines.
  9995 | D:9      | Reached XP level 11. HP: 64/77 MP: 16/16
 10024 | D:9      | Noticed Joseph
 10029 | D:9      | Noticed a two-headed ogre
 10031 | D:9      | Killed a two-headed ogre
 10039 | D:9      | Killed Joseph
 10042 | D:9      | Found a blossoming altar of Fedhas.
 10069 | D:9      | Noticed a two-headed ogre
 10084 | D:9      | Killed a two-headed ogre
 10084 | D:9      | Reached skill level 5 in Short Blades
 10100 | D:9      | Got a smoking mace
 10696 | D:10     | Entered Level 10 of the Dungeon
 10732 | D:10     | Found a staircase to the Lair.
 10745 | D:10     | Noticed a sea snake
 10891 | D:10     | Found Gisatiwnol's Assorted Antiques.
 11393 | D:10     | Slain by a vampire

Vault maps used:
D:1:      dpeg_cavernosity, corexii_item_surrounded_by_moat
D:2:      minmay_kobold_bridge, marbit_many_paths, first_bread, hex_tiny,
          uniq_natasha
D:3:      tgw_sif, uniq_ijyb
D:4:      lemuel_coloured_pillars_altar, gammafunk_temple_overflow_pools,
          serial_corexii_hall, corexii_hall_statues_i, corexii_hall_statues_l,
          corexii_hall_statues_l, corexii_hall_statues_u, serial_shops,
          nicolae_shop_behind_doors, grunt_ministairs_6
D:5:      basic_altar, serial_shops, shop_statue, uniq_duvessa
D:6:      basic_altar
D:7:      ashenzari_altar_1, nicolae_dithmenos_through_a_glass_darkly,
          minmay_temple_entry_statues_pillars, grunt_ogre_cave
D:8:      lemuel_crystal_altar
D:9:      kennysheep_orc_monster_closet_entryway, serial_shops,
          nicolae_shop_trees, fedhas_altar_2, uniq_joseph, uniq_erolcha
D:10:     lair_entry_dummy, serial_aquarium, aquarium_bridge_straight,
          aquarium_window_3, aquarium_window_double, aquarium_view_2d,
          aquarium_view_2e, serial_shops, shop
Temple:   jpeg_temple_clearing

Skill      XL: |  1  2  3  4  5  6  7  8  9 10 11 |
---------------+----------------------------------+-----
Fighting       | 5 6 7 8 |  8.2
Armour         | 5 6 7 8 |  8.6
Long Blades    | 4 5 6 7 8 |  8.4
Shields        | 5 6 7 8 |  8.2
Throwing       | 1 2 4 5 6 7 8 9 |  9.4
Dodging        | 3 5 7 8 |  8.8
Invocations    | 2 4 6 7 |  7.4
Evocations     | 2 4 5 6 |  6.8
Short Blades   | 3 5 |  5.8

Action                   |  1- 3 |  4- 6 |  7- 9 | 10-12 || total
-------------------------+-------+-------+-------+-------++-------
Melee: Long sword        |   127 |   150 |   419 |   119 ||   815
       Bite              |     7 |    13 |    49 |    54 ||   123
       Unarmed           |       |    18 |       |       ||    18
       Rapier            |       |       |       |   228 ||   228
Throw: Javelin           |       |       |     2 |       ||     2
Invok: Ancestor Life: He |       |       |     1 |       ||     1
Evoke: Wand              |       |       |       |    17 ||    17
  Use: Potion            |       |     4 |     3 |     1 ||     8
       Scroll            |       |       |     7 |     2 ||     9
 Stab: Distracted        |       |     2 |     1 |     4 ||     7
       Confused          |       |       |     1 |     2 ||     3
  Eat: Chunk             |     1 |     6 |    12 |     4 ||    23
       Bread ration      |       |       |     1 |     2 ||     3
Armor: Scale mail        |    58 |    32 |       |       ||    90
       Skin              |       |    16 |       |       ||    16
       Ring mail         |       |     8 |    89 |    43 ||   140
Dodge: Dodged            |    39 |    32 |   107 |    75 ||   253
Block: Shield            |   147 |   133 |   357 |   238 ||   875
       Reflection        |     9 |     3 |     4 |    12 ||    28
       Rpst.: Long sword |    12 |     7 |    29 |    13 ||    61
